 Dungeon Crawl Stone Soup version 0.29-a0-378-gc08b2e8bf8 (webtiles) character file.

Game seed: 12618253064343013780

87 Artihs the Skirmisher (level 4, -6/36 HPs)
             Began as a Human Fighter on May 3, 2022.
             Mangled by a gnoll
             ... wielding a +0 halberd
              (7 damage)
             ... on level 3 of the Dungeon on May 4, 2022.
             The game lasted 00:05:28 (2165 turns).

Artihs the Skirmisher (Human Fighter)               Turns: 2165, Time: 00:05:30

Health: -6/36      AC:  9    Str: 16    XL:     4   Next: 80%
Magic:  4/4        EV:  6    Int:  8    God:
Gold:   60         SH:  5    Dex: 15    Spells: 3/3 levels left

rFire   + . .      SeeInvis .   a - +0 trident
rCold   . . .      Faith    .   c - +0 buckler
rNeg    . . .      Spirit   .   g - +0 chain mail
rPois   .          Reflect  .   (no helmet)
rElec   .          Harm     .   (no cloak)
rCorr   .          Rampage  .   (no gloves)
Will    .....                   (no boots)
Stlth   ..........              (no amulet)
HPRegen 0.12/turn               n - ring of protection from fire
MPRegen 0.09/turn               (no ring)

@: no status effects
A: no striking features
a: no special abilities


You were on level 3 of the Dungeon.
You visited 1 branch of the dungeon, and saw 3 of its levels.

You collected 84 gold pieces.
You spent 24 gold pieces at shops.

Inventory:

Hand Weapons
 a - a +0 trident (weapon)
Armour
 b - a +0 scale mail
 c - a +0 buckler (worn)
 g - a +0 chain mail (worn)
Jewellery
 e - a ring of magical power
 n - a ring of protection from fire (left hand)
 v - a ring of fire
Scrolls
 f - 3 scrolls of noise
 h - 3 scrolls of enchant armour
 l - a scroll of teleportation
 m - a scroll of summoning {unknown}
 p - a scroll of poison {unknown}
 q - a scroll of immolation {unknown}
 s - a scroll of amnesia {unknown}
 u - a scroll of brand weapon {unknown}
Potions
 d - a potion of might
 j - 3 potions of curing {unknown}
 o - 2 potions of brilliance {unknown}
 r - 2 potions of mutation {unknown}
 t - 2 potions of degeneration {unknown}


   Skills:
 + Level 3.6 Fighting
 + Level 2.8 Polearms
 + Level 3.6 Armour
 + Level 3.6 Shields


You had 3 spell levels left.
You didn't know any spells.
Your spell library was empty.

Dungeon Overview and Level Annotations

Branches:
Dungeon (3/15)

Altars:

Shops:
D:2 *


Message History

You hit the kobold but do no damage. You hit the kobold but do no damage.
The gnoll hits you but does no damage. The kobold hits you but does no damage.
You barely miss the kobold.
The gnoll hits you from afar with a +0 halberd!
The kobold hits you but does no damage.
You closely miss the kobold. The kobold barely misses you.
You block the kobold's attack. The kobold attacks as you move away!
You block the kobold's attack.
You hit the kobold.
The kobold is severely wounded.
The kobold hits you but does no damage.
You hit the kobold.
You kill the kobold!
The gnoll barely misses you.
You reach to attack!
You closely miss the gnoll.
The gnoll hits you from afar with a +0 halberd.
You reach to attack!
You closely miss the gnoll.
The gnoll hits you from afar with a +0 halberd.
You reach to attack!
You puncture the gnoll!
The gnoll is severely wounded.
The gnoll hits you from afar with a +0 halberd!
* * * LOW HITPOINT WARNING * * *
You are too injured to fight recklessly!
You are too injured to fight recklessly!
The gnoll hits you from afar with a +0 halberd.
* * * LOW HITPOINT WARNING * * *
The gnoll hits you but does no damage.
Things that are here:
a +0 club; a kobold corpse
As you read the scroll of fog, it crumbles to dust.
The scroll dissolves into smoke.
The gnoll hits you but does no damage. x2
The gnoll closely misses you.
You closely miss the gnoll.
The gnoll is severely wounded.
The gnoll barely misses you.
The gnoll hits you from afar with a +0 spear.
* * * LOW HITPOINT WARNING * * *
You block the gnoll's attack. The gnoll hits you with a +0 halberd!
You die...

#########
#..ยงยง@gg#
#.#####g#
#.# ... #.#
..... #.#
....... #.#
....... #.#
....... #.#
...[... #.#


You could see 3 gnolls.

Vanquished Creatures
  4 adders (D:2)
  2 dart slugs
  8 endoplasms
  3 giant cockroaches (D:2)
  3 goblins (D:1)
  3 hobgoblins (D:1)
  3 quokkas
  3 ball pythons (D:1)
  5 bats
  3 frilled lizards
  4 kobolds
  4 rats
45 creatures vanquished.

Notes
Turn   | Place    | Note
-------+----------+-------------------------------------------
     0 | D:1      | Artihs the Human Fighter began the quest for the Orb.
     0 | D:1      | Reached XP level 1. HP: 18/18 MP: 1/1
   105 | D:1      | Reached XP level 2. HP: 21/24 MP: 2/2
   347 | D:1      | Upgraded the game from 0.29-a0-371-g91724d5b39 to
                  | 0.29-a0-378-gc08b2e8bf8
   405 | D:1      | Reached XP level 3. HP: 28/29 MP: 3/3
   440 | D:1      | Found a faded altar of an unknown god.
   934 | D:2      | Found Kone's General Store.
  1014 | D:2      | Reached XP level 4. HP: 32/35 MP: 4/4
  1888 | D:2      | Bought a scroll of identify for 24 gold pieces
  2165 | D:3      | HP: 1/36 [gnoll/+0 spear (3)]
  2165 | D:3      | Mangled by a gnoll

Illustrated notes

Levels and vault maps discovered:
D:1:      dpeg_arrival_solitude, layout_basic,
          ebering_ecumenical_altar_petrified, serial_forest,
          infiniplex_forest_straight_3, infiniplex_forest_clump_tiny,
          infiniplex_forest_straight_4, infiniplex_forest_straight_3,
          infiniplex_forest_clump_curved, infiniplex_forest_lined_corner
D:2:      layout_basic, serial_shops, nicolae_shop_waterfront,
          minmay_heptomino_l4
D:3:      layout_basic

Action                   |  1- 3 |  4- 6 || total
-------------------------+-------+-------++-------
Melee: Trident           |    70 |    57 ||   127
  Use: Scroll            |       |     5 ||     5
Armor: Chain mail        |    28 |    26 ||    54
Dodge: Dodged            |    12 |    17 ||    29
Block: Buckler           |    11 |     9 ||    20

Table legend: (Time is in decaauts)
 A = Elapsed time spent in this place.
 B = Non-inter-level travel time spent in this place.
 C = Inter-level travel time spent in this place.
 D = Time resting spent in this place.
 E = Time spent auto-exploring this place.
 F = Levels seen in this place.
 G = Mean time per level.
                   A        B        C        D        E       F      G
               +--------+--------+--------+--------+--------+-----+--------+
         Total |   2191 |   2044 |    147 |      0 |   1731 |   3 |  730.3 |
       Dungeon |   2191 |   2044 |    147 |      0 |   1731 |   3 |  730.3 |
               +--------+--------+--------+--------+--------+-----+--------+

Top non-repeatable levels by time:
     D:2: 1348 daAuts
     D:1: 790 daAuts
     D:3: 52 daAuts
